[Event "2. Itzehoer Schach Open"]
[Site "Itzehoe, Germany"]
[Date "2023.04.30"]
[Round "3.15"]
[White "Freitag, Christian"]
[Black "Wusterack, Paul"]
[Result "1-0"]
[TimeControl "90 min / 40 Züge + 30 min + 30 Sek pro Zug"]
[WhiteElo "1886"]
[BlackElo "1647"]

1. e4 e6 2. d4 d5 3. Nc3 Nf6 4. Bg5 Be7 5. e5 Nfd7 6. Bxe7 Qxe7 7. f4 a6 8. Nf3 c5 9. Ne2 Nc6 10.
c3 O-O 11. Ng3 f6 12. Be2 fxe5 13. fxe5 cxd4 14. cxd4 Rxf3 15. gxf3 Qb4+ 16. Qd2 Qxd4 17. f4 g5 18. fxg5 Ndxe5 19. Qxd4 Nxd4 20. O-O-O Nxe2+ 21. Nxe2 Bd7 22. Nf4 Rf8 23. Nh5 Bb5 24. Nf6+ Kg7 25. Kb1 Bd3+ 26. Ka1 Rxf6 27.
gxf6+ Kxf6 28. Rhe1 Be4 29. b3 Nf3 30. Re2 Kf5 31. Kb2 d4 32. Kc1 e5 33. Rf2 Kf4 34. Rdf1 Ke3 35. Kd1 Bc6 36.
Rb2 d3 37. Rff2 e4 38. Rg2 Kd4 39. Rg4 Kc3 40. Rf2 d2 41. Rg3 Kd4 42. Rxd2+ Nxd2 43. Kxd2 b6 44. Rh3 e3+ 45. Rxe3 Be4 46.
Rg3 Bg6 47. Rg4+ Kd5 48. Kc3 a5 49. a3 Kc5 50. Rg5+ Kc6 51. h4 Bb1 52. Rh5 Bg6 53. Rh6 Kc5 54. h5 Be4 55. Rf6 b5 56.
b4+ axb4+ 57. axb4+ Kd5 58. Rb6 Bf3 1-0

[Event "2. Itzehoer Schach Open"]
[Site "Itzehoe, Germany"]
[Date "2023.04.30"]
[Round "3.5"]
[White "Fuhrmann, Åke"]
[Black "Wulf von Moers, Jens"]
[Result "0-1"]
[TimeControl "90 min / 40 Züge + 30 min + 30 Sek pro Zug"]
[WhiteElo "1992"]
[BlackElo "2148"]

1. d4 d5 2. c4 e6 3. Nf3 c5 4. cxd5 exd5 5. g3 Nc6 6. Bg2 Nf6 7. O-O Be7 8. dxc5 Bxc5 9. a3 O-O 10.
b4 Be7 11. Bb2 Ne4 12. Nbd2 Bf6 13. Bxf6 Qxf6 14. Nb3 Bg4 15. h3 Be6 16. Nfd4 Nc3 0-1

[Event "2. Itzehoer Schach Open"]
[Site "Itzehoe, Germany"]
[Date "2023.04.30"]
[Round "3.21"]
[White "Aguike, Toshiya"]
[Black "Zoellner, Bente"]
[Result "1/2-1/2"]
[TimeControl "90 min / 40 Züge + 30 min + 30 Sek pro Zug"]
[WhiteElo "1491"]
[BlackElo "1805"]

1. e4 c5 2. Nf3 Nc6 3. d4 cxd4 4. Nxd4 Nf6 5. Nc3 e5 6. Nf5 d5 7. exd5 Bxf5 8. dxc6 bxc6 9. Bg5 Bb4 10.
Qe2 Bxc3+ 11. bxc3 Qa5 12. Bd2 Ne4 13. c4 Nxd2 14. Qxd2 Qxd2+ 15. Kxd2 Ke7 16. Be2 Rhd8+ 17. Kc3 Kd6 18.
f3 Kc5 19. Bd3 Be6 20. Rhe1 f6 21. Rab1 Bc8 22. h3 h6 23. h4 Rd4 24. g4 a5 25. Re4 Ba6 26. Rb3 Ra7 27. Ra3 Rxe4 28.
fxe4 Bc8 29. Be2 a4 30. h5 Be6 31. Kd2 Kb4 32. Rc3 Rd7+ 33. Rd3 Kc5 34. Rxd7 Bxd7 35. Kc3 a3 36. Bd1 Be6 37.
Be2 Bf7 38. Bf1 g6 39. hxg6 Bxg6 40. Bg2 Bf7 41. Bf1 h5 42. gxh5 Bxh5 43. Bh3 Bf7 44. Bf1 Bg6 45. Bd3 Bh7 46.
Kd2 Kd4 47. c3+ Kc5 48. Kc2 Bg8 49. Kb3 Be6 50. Be2 f5 51. exf5 Bxf5 52. Kxa3 e4 53. Kb3 Bh3 54. Kc2 Be6 55.
a4 Bxc4 56. Bxc4 Kxc4 57. Kd2 Kc5 58. Ke3 Kb6 59. Kxe4 Ka5 60. Kd4 Kxa4 61. Kc4 Ka3 62. Kc5 Kb3 63. Kxc6 Kxc3 1/2-1/2

[Event "2. Itzehoer Schach Open"]
[Site "Itzehoe, Germany"]
[Date "2023.04.30"]
[Round "3.11"]
[White "Hansen, Fridolin"]
[Black "Tarasenko, Nazar"]
[Result "0-1"]
[TimeControl "90 min / 40 Züge + 30 min + 30 Sek pro Zug"]
[WhiteElo "1764"]
[BlackElo "1970"]

1. e4 c5 2. Nc3 d6 3. g3 g6 4. Bg2 Bg7 5. Nge2 e6 6. O-O Ne7 7. d3 O-O 8. Nf4 Nbc6 9. Be3 a6 10.
a4 Rb8 11. Qd2 b5 12. axb5 axb5 13. Rab1 Nd4 14. b4 Bd7 15. Nce2 Nec6 16. c3 Nxe2+ 17. Nxe2 cxb4 18. cxb4 Ne5 19.
h3 f5 20. f4 Nf7 21. Rfc1 e5 22. Nc3 Be6 23. Nd5 Bxd5 24. exd5 Qd7 25. Rc6 Rfc8 26. Rbc1 Nd8 27. Qa2 Ra8 28.
Qb3 Kh8 29. Bb6 exf4 30. gxf4 Rab8 31. Rc7 Rxc7 32. Rxc7 Qe8 33. Bf2 Rb7 34. Qc2 Rxc7 35. Qxc7 Nf7 36. Qc6 Qb8 37. Bb6 Kg8 38.
Bc7 Qa7+ 39. Kh2 Qe3 40. Bxd6 h6 41. Bc5 Qxf4+ 42. Kh1 Kh7 43. Qe8 Ne5 44. d6 Qc1+ 45. Kh2 Qe1 46. d7 Ng4+ 47.
hxg4 Be5+ 48. Qxe5 Qxe5+ 49. Kh1 Qc7 50. gxf5 gxf5 51. d4 Qxd7 52. d5 Kg6 53. d6 Kg5 54. Bh3 Kh4 55. Kh2 Qe6 56.
Bf2+ Kg5 57. Bc5 Kf4 58. Bg2 Qe1 59. d7 Qd2 60. Bd6+ Qxd6 0-1

[Event "2. Itzehoer Schach Open"]
[Site "Itzehoe, Germany"]
[Date "2023.04.30"]
[Round "3.33"]
[White "Baumann, Simon"]
[Black "Wohlrabe, Joerg"]
[Result "0-1"]
[TimeControl "90 min / 40 Züge + 30 min + 30 Sek pro Zug"]
[WhiteElo "1289"]
[BlackElo "1635"]

1. e4 e6 2. d4 b6 3. Bd3 Bb7 4.
Nc3 Bb4 5. Bd2 f5 6. f3 Bxc3 7. Bxc3 fxe4 8. fxe4 Qh4+ 9. g3 Qe7 10. Qf3 Nf6 11. Ne2 c5 12. b3 Rf8 13. Qg2 Ng4 14.
Nf4 cxd4 15. Qe2 Nf6 16. Bd2 Nc6 17. Rf1 Nb4 18. e5 Nxd3+ 19. Qxd3 Ne4 20. Qxd4 Nxd2 21. Qxd2 Qc5 22. O-O-O Bc6 23.
Qe2 Rc8 24. Nd3 Qa3+ 25. Kb1 Rxf1 26. Rxf1 Qe7 27. Rf4 a5 28. Nb2 Bb7 29. Na4 Rc6 30. Qb5 g5 31. Rc4 Rxc4 32. Qxc4 Qd8 33.
Qb5 Bc6 34. Qxb6 Bxa4 35. Qxd8+ Kxd8 36. bxa4 Kc7 37. Kb2 Kc6 38. c4 Kc5 39. Kc3 g4 40. a3 h6 41. Kd3 d6 42. exd6 Kxd6 43.
Kd4 h5 44. c5+ Kc6 45. Ke5 Kxc5 46. Kxe6 Kc4 47. Kd6 Kb3 48.
Kc5 Kxa4 49. Kb6 Kxa3 50. Kxa5 Kb3 51. Kb5 Kc3 52. Kc5 Kd3 53. Kd5 Ke3 54. Ke5 Kf3 55. Kf5 Kg2 0-1

[Event "2. Itzehoer Schach Open"]
[Site "Itzehoe, Germany"]
[Date "2023.04.30"]
[Round "3.36"]
[White "Oortmann, Alexis"]
[Black "Neffgen, Klaus"]
[Result "1-0"]
[TimeControl "90 min / 40 Züge + 30 min + 30 Sek pro Zug"]
[WhiteElo "1095"]
[BlackElo "1533"]

1. Nf3 d5 2. e3 Nf6 3. c4 Bf5 4. cxd5 Nxd5 5. e4 Bxe4 6. Qa4+ c6 7. Qxe4 Nf6 8. Qc2 e6 9. d4 h6 10.
g3 Bd6 11. Bg2 Na6 12. a3 Nc7 13. O-O Qe7 14. Nc3 O-O-O 15. b4 Kb8 16. Ne5 Bxe5 17. dxe5 Nd7 18. Re1 Nb6 19. Be3 Nc4 20. Bc5 Qe8 21.
Ne4 Nb6 22. Nd6 Qg8 23. b5 Nxb5 24. Nxb5 cxb5 25. Bd6+ Ka8 26. Qc7 Nd5 27. Qa5 Qe8 28. a4 b4 29. Reb1 Qd7 30. Bxb4 Rc8 31.
Bc5 a6 32. Rb2 Rc6 33. Rab1 Rhc8 34. Bd6 Rc1+ 35. Bf1 Rxb1 36. Rxb1 Qc6 37. Qd2 Qxa4 38. Rc1 Rxc1 39. Qxc1 Qd7 40. Bf8 Qc7 41. Qxc7 Nxc7 42. Bxg7 h5 43. Be2 b5 44. Bf8 Nd5 45.
Bxh5 b4 46. Be2 b3 47. Bxa6 b2 48. Bd3 Nc3 49. h4 b1=Q+
50. Bxb1 Nxb1 51. h5 1-0

[Event "2. Itzehoer Schach Open"]
[Site "Itzehoe, Germany"]
[Date "2023.04.30"]
[Round "3.14"]
[White "Trapp, Hannes"]
[Black "Thomas, Jeremy"]
[Result "1-0"]
[TimeControl "90 min / 40 Züge + 30 min + 30 Sek pro Zug"]
[WhiteElo "1677"]
[BlackElo "1894"]

1. e4 c5 2. Nf3 d6 3. d4 cxd4 4. Nxd4 Nf6 5. Nc3 a6 6. Bc4 e6 7. Qe2 Nc6 8. Nxc6 bxc6 9. e5 Nd5 10.
Nxd5 cxd5 11. Bd3 Bb7 12. O-O Qc7 13. Bf4 Qc6 14. Rfe1 Be7 15. Qg4 g6 16. Qg3 g5 17. Bd2 Kd7 18.
exd6 Qxd6 19. Qxd6+ Kxd6 20. Bc3 f6 21. Rad1 e5 22. Bf5 a5 23. a3 Bc8 24. Rxd5+ Kxd5 25. Be4+ Kc4 26. Bxa8 Bf5 27.
Be4 Bxe4 28. Rxe4+ Kb5 29. Kf1 Rc8 30. Re3 Bc5 31. Rf3 Rc6 32. g4 a4 33. Ke2 Kc4 34. Bd2 Rb6 35. Rc3+ Kd5 36.
Rxc5+ Kxc5 37. Be3+ Kc6 38. Bxb6 Kxb6 39. b4 Kb5 40. Kd3 1-0

[Event "2. Itzehoer Schach Open"]
[Site "Itzehoe, Germany"]
[Date "2023.04.30"]
[Round "3.30"]
[White "Bartels, Jens"]
[Black "Liu, Jan Luca"]
[Result "0-1"]
[TimeControl "90 min / 40 Züge + 30 min + 30 Sek pro Zug"]
[WhiteElo "1589"]
[BlackElo "1073"]

1. Nf3 Nc6 2. c4 e5 3. Nc3 Nf6 4. d3 d5 5. Bg5 d4 6. Nd5 Be7 7. Bxf6 Bxf6 8. b4 Ne7 9. Nxf6+ gxf6 10.
g3 b6 11. Bg2 Bb7 12. O-O Qd6 13. Qd2 f5 14. b5 Rg8 15. Nh4 Bxg2 16. Kxg2 e4 17. a4 c6 18. dxe4 cxb5 19. axb5 fxe4 20.
Rfd1 Rd8 21. Rxa7 Qf6 22. Kf1 e3 23. Qe1 Ng6 24. Nxg6 fxg6 25. Rxh7 Rf8 26. f3 d3 27. Kg2 d2 28. Qg1 Qc3 29. Rh4 Kf7 30. Rh7+ Kg8 31.
Ra7 Rfe8 32. Rb7 Rd6 33. Rc7 Ra8 34. Re7 Ra3 35. f4 Rd8 36. Kf3 Qxc4 37. Rxe3 Qd5+ 38. Kf2 Rxe3 39. Kxe3 Qc5+ 40.
Ke4 Qxg1 41. Rxg1 d1=Q 42. Rxd1 Rxd1 43. Ke5 Kf7 44. e4 Rb1 45. Kd4 Rxb5 46.
e5 Ke6 0-1

[Event "2. Itzehoer Schach Open"]
[Site "Itzehoe, Germany"]
[Date "2023.04.30"]
[Round "3.7"]
[White "Neumann, Frank"]
[Black "Richter, Ruediger"]
[Result "1-0"]
[TimeControl "90 min / 40 Züge + 30 min + 30 Sek pro Zug"]
[WhiteElo "2030"]
[BlackElo "1869"]

1. d4 d5 2. c4 c6 3. Nf3 Nf6 4. g3 dxc4 5. Bg2 Nbd7 6. a4 e6 7. O-O a5 8. Na3 Nb6 9. Ne5 Be7 10.
Naxc4 Nxc4 11. Nxc4 Nd5 12. e4 Nb4 13. Be3 O-O 14. Qb3 b5 15. Ne5 Bf6 16. Nxc6 Nxc6 17. e5 Bd7 18. axb5 Rb8 19.
exf6 Qxf6 20. Qc4 Ne7 21. Rxa5 Rfc8 22. Qd3 Nd5 23. Rc1 Rxc1+ 24. Bxc1 Qd8 25. Bd2 Nc7 26. Bc6 Nd5 27. Qa3 h6 28.
Qd6 Bxc6 29. Qxd8+ Rxd8 30. bxc6 Rc8 31. Rc5 Kf8 32. b4 Ke7 33. b5 Kd6 34. Bf4+ Nxf4 35. gxf4 Kc7 36. f5 Kb6 37.
fxe6 fxe6 38. f3 Kc7 39. Kf2 Kd6 40.
h4 g6 41. Ke3 Rc7 42. Kd3 Rc8 43. Kc4 g5 44. hxg5 h5 45. g6 h4 46. Rh5 Rg8 47. Rh7 e5 48. d5 e4 49. f4 Rxg6 50.
Rd7# 1-0

[Event "2. Itzehoer Schach Open"]
[Site "Itzehoe, Germany"]
[Date "2023.04.30"]
[Round "3.31"]
[White "Schulze, Tim"]
[Black "Lorenz, Felix"]
[Result "1/2-1/2"]
[TimeControl "90 min / 40 Züge + 30 min + 30 Sek pro Zug"]
[WhiteElo "1663"]
[BlackElo "1128"]

1. d4 d5 2. c4 e5 3. cxd5 Qxd5 4. Nf3 Nc6 5. Nc3 Bb4 6. a3 Bxc3+ 7. bxc3 e4 8. Nd2 e3 9. fxe3 Nf6 10.
Qb3 O-O 11. Qxd5 Nxd5 12. Nb1 Bf5 13. Bd2 Rfe8 14. Kf2 Be4 15. c4 Nf6 16. h3 a5 17. Nc3 a4 18. Rg1 Na5 19. c5 Nb3 20.
Ra2 Nxd2 21. Rxd2 Nd5 22. Nxd5 Bxd5 23. g4 b5 24. cxb6 cxb6 25. Bg2 Bxg2 26. Rxg2 b5 27. Rb2 Reb8 28.
Rb4 Ra7 29. d5 Rc7 30. e4 Rc4 31. Rg3 Rxb4 32. axb4 Kf8 33. Rc3 Ke8 34. Ke3 Kd7 35. Kd4 Rc8 36. Rc5 Rxc5 37. bxc5 a3 38.
Kc3 b4+ 39. Kb3 f6 40. Ka2 1/2-1/2

[ePGN "0.1;DGT LiveChess/2.2.5"]

[Event "2. Itzehoer Schach Open"]
[Site "Itzehoe, Germany"]
[Date "2023.04.30"]
[Round "3.43"]
[White "Scheele, Justus"]
[Black "Beth, Felix"]
[Result "0-1"]
[TimeControl "90 min für 40 Züge, Rest 30 min + 30 Sek pro Zug"]
[WhiteElo "1098"]
[BlackElo "1498"]

1. e4 Nc6 2. d4 e6 3. Nf3 b6 4. Nc3 Bb4 5. d5 exd5 6. exd5 Qe7+ 7. Be2 Bxc3+ 8. bxc3 Ne5 9. O-O Nf6 10.
Nxe5 Qxe5 11. Bc4 O-O 12. Re1 Qxc3 13. Bb2 Qxb2 14. Qd3 Qb4 15. Re3 Ng4 16. Re4 Qb2 17. Rae1 Nh6 18. Re8 Bb7 19.
Qe3 Qxc2 20. Qe7 Raxe8 21. Qxe8 Qf5 22. Re5 g6 23. g3 Rxe8 0-1

[Event "2. Itzehoer Schach Open"]
[Site "Itzehoe, Germany"]
[Date "2023.04.30"]
[Round "3.47"]
[White "Knudsen, Frank"]
[Black "Drozd, Maciej"]
[Result "0-1"]
[TimeControl "90 min für 40 Züge, Rest 30 min + 30 Sek pro Zug"]
[WhiteElo "940"]
[BlackElo "1334"]

1. e4 c5 2. Nf3 d6 3. d4 cxd4 4.
Nxd4 Nf6 5. Nc3 g6 6. Be3 Bg7 7. Bd3 O-O 8. O-O Ng4 9. h3 Nxe3 10. fxe3 Nc6 11. b3 Nxd4 12. exd4 Bxd4+ 13. Kh1 Bxc3 14. Rb1 Be6 15. Bc4 Bxc4 16. bxc4 b6 17. Rb3 Bg7 18. Rd3 Rc8 19. Qe2 Qc7 20. Ra3 a5 21. Ra4 Qc6 22.
Ra3 Qxc4 23. Qxc4 Rxc4 24. Rb3 Rxc2 25. Rxb6 Rxa2 26. Rb7 Bf6 27. Rfb1 Ra1 28. Rxa1 Bxa1 29. Ra7 Bc3 30. Rxe7 Ra8 31. Rd7 Be5 32. Rb7 a4 33.
g4 a3 34. Rc7 a2 35. Rc1 a1=Q 36. Rxa1 Rxa1+ 37. Kg2 Ra3 38.
g5 Kf8 39. h4 Ke7 40. h5 gxh5 41. g6 hxg6 42. Kf2 Ke6 43.
Ke2 Bf4 44. e5 Kxe5 45. Kf2 d5 46.
Kg2 d4 47. Kf2 d3 48. Ke1 d2+ 49. Kd1 Ra1+ 50. Ke2 d1=Q+ 51. Kf2 Ra2# 0-1

[Event "2. Itzehoer Schach Open"]
[Site "Itzehoe, Germany"]
[Date "2023.04.30"]
[Round "3.48"]
[White "Tobis, Julius"]
[Black "Greiner, Jan Oluf"]
[Result "1-0"]
[TimeControl "90 min für 40 Züge, Rest 30 min + 30 Sek pro Zug"]
[WhiteElo "1334"]
[BlackElo "960"]

1. e4 e5 2. Nf3 Nc6 3. Bb5 Nf6 4. O-O Bc5 5. d3 d6 6. h3 Bd7 7. c3 a6 8. Ba4 Qe7 9. Re1 h6 10.
Bc2 O-O-O 11. a4 Be6 12. b4 Ba7 13. b5 Nb8 14. c4 g5 15. Nc3 g4 16. Nh4 gxh3 17. g3 Ng4 18. Be3 Nxe3 19. fxe3 Rdg8 20. Kh2 Qg5 21.
Qf3 Rg7 22. Nd1 Rhg8 23. Rg1 Bg4 24. Qf2 Bxd1 25. Raxd1 Bxe3 26. Qe2 Bxg1+ 27. Rxg1 Nd7 28. Nf5 Rg6 29. Bb3 Kd8 30. c5 Ke8 31.
c6 bxc6 32. bxa6 Qd8 33. Rf1 Nf6 34. Qc2 Qa8 35. Qc4 Rf8 36. Nh4 Ng4+ 37. Kxh3 Rg7 38. Rf3 h5 39. Nf5 Rh7 40. d4 Kd7 41.
a5 d5 42. exd5 cxd5 43. Ba4+ Kd8 44. Qc5 Rhh8 45. Qe7+ Kc8 46. Bd7+ Kb8 47. Rb3+ Qb7 48. Rxb7+ Ka8 49. Qc5 Nf2+ 50.
Kg2 exd4 51. Qa7# 1-0

[Event "2. Itzehoer Schach Open"]
[Site "Itzehoe, Germany"]
[Date "2023.04.30"]
[Round "3.38"]
[White "Lueders Vega, Iago Ernst"]
[Black "Schiller, Thomas"]
[Result "1/2-1/2"]
[TimeControl "90 min für 40 Züge, Rest 30 min + 30 Sek pro Zug"]
[WhiteElo "1333"]
[BlackElo "1678"]

1. e4 e5 2. Nf3 Nc6 3. Bc4 Nf6 4. d4 exd4 5. e5 Ne4 6. Nxd4 Nc5 7. Nxc6 bxc6 8. O-O d5 9. exd6 cxd6 10.
Re1+ Be7 11. Bg5 Ne6 12. Bxe7 Qxe7 13. Bxe6 Bxe6 14. f4 f5 15. Qf3 Qd7 16. Nc3 1/2-1/2

[Event "2. Itzehoer Schach Open"]
[Site "Itzehoe, Germany"]
[Date "2023.04.30"]
[Round "3.46"]
[White "Eichmann, Phillip"]
[Black "Hock, Reiner"]
[Result "1-0"]
[TimeControl "90 min für 40 Züge, Rest 30 min + 30 Sek pro Zug"]
[WhiteElo "1052"]
[BlackElo "1338"]

1. e4 d5 2. exd5 Qxd5 3. Nc3 Qd8 4.
d4 Nf6 5. Nf3 Bg4 6. Bc4 e6 7. a3 Be7 8. Bf4 a6 9. Be2 O-O 10. Qd2 Bxf3 11. Bxf3 c6 12. O-O Qb6 13. Rab1 Rd8 14.
Rfd1 Nbd7 15. Be3 Nd5 16. Nxd5 cxd5 17. Qd3 Rac8 18. Rdc1 Nf6 19. Bg5 Re8 20. c4 Qc7 21. cxd5 Qd6 22.
dxe6 Qxe6 23. Rxc8 Rxc8 24. Bxb7 Rd8 25. Bxa6 h6 26. Bd2 Bc5 27. Bc3 Qb6 28. dxc5 Rxd3 29. cxb6 Nd5 30. Bxd3 1-0

[Event "2. Itzehoer Schach Open"]
[Site "Itzehoe, Germany"]
[Date "2023.04.30"]
[Round "3.45"]
[White "Marx, Jakob"]
[Black "Kaehler, Marvin"]
[Result "1-0"]
[TimeControl "90 min für 40 Züge, Rest 30 min + 30 Sek pro Zug"]
[WhiteElo "1398"]
[BlackElo "1015"]

1. e4 e6 2. d4 g6 3. Bd3 Bg7 4. c3 Ne7 5. Be3 b6 6. Nd2 d6 7. Ngf3 Nbc6 8. Qc2 Bb7 9. O-O Qd7 10.
Rfd1 O-O-O 11. Ng5 Ng8 12. Bb5 a6 13. Ba4 Qe7 14. Qd3 f6 15. Ngf3 Qf7 16. Bb3 d5 17. exd5 exd5 18. c4 Nce7 19.
c5 b5 20. a4 b4 21. a5 h6 22. Ba4 g5 23. c6 Nxc6 24. Bxc6 Bxc6 25. Qxa6+ Bb7 26. Qd3 f5 27. Nb3 f4 28.
Bd2 Rd6 29. a6 Bc6 30. a7 Ba8 31. Ra6 Qf6 32. Rxd6 Qxd6 33. Qb5 Bf8 34. Qb8+ Kd7 35. Nc5+ Ke7 36. Re1+ Kf6 37. Re6+ Qxe6 38.
Nxe6 Kxe6 39. Qc8+ Kf7 40. Ne5+ Kg7 41. Qe8 Rh7 42.
Qf7+ Kh8 43. Ng6# 1-0

[Event "2. Itzehoer Schach Open"]
[Site "Itzehoe, Germany"]
[Date "2023.04.30"]
[Round "3.49"]
[White "Lieb, Max"]
[Black "Greiner, Andre"]
[Result "1-0"]
[TimeControl "90 min für 40 Züge, Rest 30 min + 30 Sek pro Zug"]
[WhiteElo "1333"]
[BlackElo "796"]

1. e4 e5 2. Nc3 Bb4 3. Bc4 Nf6 4. Nf3 d6 5. d3 Bg4 6. Bd2 c6 7. Qe2 Nbd7 8. h3 Bxf3 9. Qxf3 Nc5 10.
a3 Bxc3 11. Bxc3 Qb6 12. O-O Na4 13. Rab1 Nxc3 14. bxc3 Qc7 15. d4 b5 16. Bb3 O-O 17. a4 b4 18. dxe5 dxe5 19. cxb4 Rad8 20.
Qe3 Rd4 21. f3 Rfd8 22. c3 Rd3 23. Qe1 Nh5 24. Rd1 Nf4 25. Rxd3 Nxd3 26. Qb1 Qb6+ 27. Kh2 Qe3 28. f4 Nxf4 29.
Rf3 Qd2 30. Qf1 Rd3 31. Rxd3 Nxd3 32. Qxf7+ 1-0

[Event "2. Itzehoer Schach Open"]
[Site "Itzehoe, Germany"]
[Date "2023.04.30"]
[Round "3.41"]
[White "Aguike, Chidera"]
[Black "Wolff, Ole"]
[Result "1-0"]
[TimeControl "90 min für 40 Züge, Rest 30 min + 30 Sek pro Zug"]
[WhiteElo "1450"]
[BlackElo "1097"]

1. e4 e6 2. d4 d5 3. exd5 exd5 4. h3 h6 5. Nf3 Bd6 6. Bd3 Nf6 7. O-O O-O 8. c3 b6 9. Re1 Re8 10.
Rxe8+ Qxe8 11. Be3 Ba6 12. Bxa6 Nxa6 13. Nbd2 Qb5 14. Qc2 Rc8 15. Qf5 Qd7 16. Nh4 Qxf5 17. Nxf5 Ne4 18. Nxe4 dxe4 19.
Re1 Re8 20. c4 Kh7 21. Nxd6 cxd6 22. Bf4 Re6 23. f3 g5 24. Bh2 f5 25. d5 Rf6 26. fxe4 f4 27. e5 dxe5 28. Rxe5 Rf7 29.
Kf2 Nc5 30. Ke2 Kg6 31. Bg1 Kf6 32. Bd4 Nd7 33. Re6+ 1-0

[Event "2. Itzehoer Schach Open"]
[Site "Itzehoe, Germany"]
[Date "2023.04.30"]
[Round "3.39"]
[White "Steinbach, Aaron"]
[Black "Steiner, Peter Markus"]
[Result "0-1"]
[TimeControl "90 min für 40 Züge, Rest 30 min + 30 Sek pro Zug"]
[WhiteElo "787"]
[BlackElo "1603"]

1. d4 d5 2. c4 c6 3. Nc3 Nf6 4. Bg5 dxc4 5. e4 Nbd7 6. Bxc4 b5 7. Bd3 Bb7 8. f4 h6 9. Bh4 Qa5 10.
a3 e6 11. Nf3 Be7 12. h3 a6 13. O-O Qb6 14. b4 a5 15. Bf2 Qc7 16. Ne2 axb4 17. a4 bxa4 18. Rxa4 Rxa4 19. Qxa4 O-O 20.
Qb3 Ra8 21. Rc1 Ra3 22. Qd1 Qa5 23. Bc2 c5 24. e5 Nd5 25. dxc5 Nxc5 26. Nfd4 Na4 27. Nb3 Qa8 28. Nd2 Nac3 29.
Nxc3 Nxc3 30. Qf1 Bxg2 31. Qxg2 Ne2+ 32. Kh2 Qxg2+ 33. Kxg2 Nxc1 34. Nc4 Ra8 35. Nd2 0-1

[Event "2. Itzehoer Schach Open"]
[Site "Itzehoe, Germany"]
[Date "2023.04.30"]
[Round "3.40"]
[White "Schindehuette, Frank"]
[Black "Pitic, Alen"]
[Result "0-1"]
[TimeControl "90 min für 40 Züge, Rest 30 min + 30 Sek pro Zug"]
[WhiteElo "1575"]
[BlackElo "1276"]

1. f4 d5 2. c4 Nf6 3. d4 Bf5 4. Nc3 e6 5. Nf3 c5 6. e3 Bd6 7. Qb3 O-O 8. Qxb7 Nbd7 9. Qc6 Be7 10.
cxd5 exd5 11. Nxd5 Be4 12. Nxe7+ Qxe7 13. Qa4 Nb6 14. Qa3 Rac8 15. Bd2 Rfe8 16. Rc1 Nfd5 17. Kf2 Bxf3 18. Kxf3 Qe4+ 19.
Kf2 cxd4 20. Rxc8 Nxc8 21. Qd3 dxe3+ 22. Bxe3 Qxd3 23. Bxd3 Rxe3 24. Ba6 Re8 25. Rc1 Ncb6 26. g3 g6 27.
a3 h6 28. Rd1 Ne3 29. Rd3 Ng4+ 30. Kg2 h5 31. h3 Nf6 32. Kf3 Kg7 33. Bb5 Rb8 34. b3 Kh6 35. a4 a5 36. Rd6 Kg7 37.
Rc6 Nbd5 38. Ra6 Rc8 39. Bc4 Rc5 40. Ra7 Rc7 41. Rxa5 Nb6 42. g4 hxg4+ 43. hxg4 Nxc4 44. bxc4 Rxc4 45.
g5 Rc3+ 46. Ke2 Nd7 47. f5 gxf5 48. Rxf5 Kg6 49. Rd5 Nf8 50. a5 Ra3 0-1

[Event "2. Itzehoer Schach Open"]
[Site "Itzehoe, Germany"]
[Date "2023.04.30"]
[Round "3.44"]
[White "Moeller, Rainer"]
[Black "Roebers, Bregje"]
[Result "1/2-1/2"]
[TimeControl "90 min für 40 Züge, Rest 30 min + 30 Sek pro Zug"]
[WhiteElo "1414"]
[BlackElo "1162"]

1. e4 g6 2. d4 Bg7 3. Nf3 d6 4. Bc4 Nf6 5. O-O O-O 6. Nc3 Bg4 7. Re1 Bxf3 8. Qxf3 Nfd7 9. Be3 e5 10.
Rad1 exd4 11. Bxd4 Bxd4 12. Rxd4 Nc6 13. Rdd1 Nce5 14. Qe2 Nxc4 15. Qxc4 Nb6 16. Qe2 Re8 17. Qd3 Qe7 18. Qf1 Rad8 19.
Nd5 Nxd5 20. exd5 Qd7 21. c4 Qa4 22. Ra1 Qc2 23. b3 Qc3 24. Rec1 Qd2 25. Rd1 Qe2 26. Re1 Qxf1+ 27. Kxf1 Kf8 28.
Re3 Rxe3 29. fxe3 Ke7 30. Ke2 f6 31. g4 Rg8 32. Rg1 g5 33. Kf3 Kf7 34. h3 Re8 35. e4 Kg6 36. Rg2 Re5 37.
a4 Re8 38. b4 Ra8 39. Rc2 Rd8 40. c5 dxc5 41. bxc5 Rc8 42. Rb2 b6 43. Rc2 Rd8 44. Ke3 Rd7 45. c6 Rd8 46. Kd4 Rd6 47.
Re2 Kf7 48. Kc4 a6 49. e5 fxe5 50. Rxe5 h6 51. Rf5+ Ke7 52. Re5+ Kf7 53. Rf5+ Ke7 1/2-1/2

[Event "2. Itzehoer Schach Open"]
[Site "Itzehoe, Germany"]
[Date "2023.04.30"]
[Round "3.42"]
[White "Dau-Schmidt, Piet"]
[Black "Lorenzen, Lars"]
[Result "0-1"]
[TimeControl "90 min für 40 Züge, Rest 30 min + 30 Sek pro Zug"]
[WhiteElo "1606"]
[BlackElo "1218"]

1. d4 Nf6 2. c4 g6 3. g3 Bg7 4. Bg2 d6 5. Nf3 O-O 6. O-O Bf5 7. Nc3 Nbd7 8. Re1 e5 9. e4 Bg4 10.
d5 a5 11. h3 Bxf3 12. Qxf3 Nc5 13. Bg5 h6 14. Bd2 Nfd7 15. b3 f5 16. Qe2 Rf6 17. f4 Qe7 18. exf5 Rxf5 19. Rab1 Raf8 20.
Nb5 c6 21. dxc6 bxc6 22. Bxc6 Qd8 23. Nxd6 Rh5 24. Bd5+ Kh7 25. Kg2 Nf6 26. fxe5 Nxd5 27. cxd5 Rxe5 28. Qc4 Qxd6 29. Bf4 Qxd5+ 30. Qxd5 Rxd5 31. Re7 Kg8 32. Be3 Bd4 33. Bxh6 Rf2+ 34. Kh1 Re5 35. Rxe5 Bxe5 36. Be3 Rc2 37. Rd1 Ne4 38. Rd8+ Kf7 39.
Rd5 Nxg3+ 40. Kg1 Bc3 41. Rg5 Nf5 42. Bc5 Rxa2 43. Rg4 Rb2 44. Rf4 Rxb3 45. Kg2 a4 46. Rxa4 Be1 47. Rf4 Rg3+ 48.
Kh2 Rc3 49. Kg2 Rxc5 0-1